 Dungeon Crawl Stone Soup version 0.23.0-3-gf3c87f2 (webtiles) character file.

Game seed: 13467122857250290683

273 vishdafish the Charmwright (level 6, -3/50 HPs)
             Began as a Gnoll Skald on Feb 20, 2019.
             Was a Believer of Cheibriados.
             Slain by an ogre
             ... wielding a +0 giant spiked club
              (11 damage)
             ... on level 4 of the Dungeon.
             The game lasted 00:07:50 (3696 turns).

vishdafish the Charmwright (Gnoll Skald)            Turns: 3696, Time: 00:07:51

Health: -3/50      AC:  3    Str: 17    XL:     6   Next: 24%
Magic:  8/13       EV: 12    Int: 21    God:    Cheibriados [**....]
Gold:   193        SH:  9    Dex: 19    Spells: 10/15 levels left

rFire    . . .     SeeInvis .   a - +0 falchion
rCold    . . .     Gourm    .   p - +0 shield
rNeg     + + .     Faith    .   b - +0 leather armour
rPois    .         Spirit   .   (no helmet)
rElec    .         Reflect  .   (no cloak)
rCorr    .         Harm     .   (no gloves)
MR       .....     Clarity  +   (no boots)
Stlth    ++........             (no amulet)
HPRegen  0.00/turn              e - ring of positive energy
MPRegen  0.13/turn              f - ring of positive energy

@: infused, flying, hasted
A: distributed training, fangs 1, clarity, inhibited regeneration, strong nose
a: Bend Time, Renounce Religion


You were on level 4 of the Dungeon.
You worshipped Cheibriados.
Cheibriados was pleased with you.
You were not hungry.

You visited 1 branch of the dungeon, and saw 4 of its levels.

You collected 193 gold pieces.

Inventory:

Hand Weapons
 a - a +0 falchion (weapon)
 m - a +0 spear of piercing
Armour
 b - a +0 leather armour (worn)
 p - a +0 shield (worn)
Jewellery
 c - an uncursed ring of ice
 e - a ring of positive energy (left hand)
 f - a ring of positive energy (right hand)
Wands
 n - a wand of paralysis (5)
Scrolls
 g - 3 scrolls of identify {unknown}
 h - 2 scrolls of enchant weapon {unknown}
 i - 2 scrolls of teleportation {unknown}
 j - 4 scrolls of fog {unknown}
 o - 3 scrolls of remove curse {unknown}
 q - a scroll of fear {unknown}
Potions
 k - a potion of flight
 t - a potion of might {unknown}
Comestibles
 d - 6 rations


   Skills:
 + Level 4.9 Fighting
 + Level 1.8 Short Blades
 + Level 4.9 Long Blades
 + Level 1.8 Axes
 + Level 1.8 Maces & Flails
 + Level 1.8 Polearms
 + Level 1.8 Staves
 + Level 1.8 Slings
 + Level 1.8 Bows
 + Level 1.8 Crossbows
 + Level 1.8 Throwing
 + Level 3.1 Armour
 + Level 4.9 Dodging
 + Level 1.8 Stealth
 + Level 1.8 Shields
 + Level 1.8 Unarmed Combat
 + Level 5.3 Spellcasting
 + Level 1.4 Conjurations
 + Level 1.4 Hexes
 + Level 5.6 Charms
 + Level 1.4 Summonings
 + Level 1.4 Necromancy
 + Level 1.4 Translocations
 + Level 1.4 Transmutations
 + Level 1.4 Fire Magic
 + Level 1.4 Ice Magic
 + Level 1.4 Air Magic
 + Level 1.4 Earth Magic
 + Level 1.4 Poison Magic
 + Level 2.0 Invocations
 + Level 1.8 Evocations


You had 10 spell levels left.
You knew the following spells:

 Your Spells              Type           Power        Failure   Level  Hunger
a - Infusion              Chrm           ####         7%          1    None
b - Song of Slaying       Chrm           ####....     11%         2    None
c - Shroud of Golubria    Chrm/Tloc      ###.......   24%         2    None

Your spell library contained the following spells:

 Spells                   Type           Power        Failure   Level  Hunger
 Regeneration             Chrm/Necr      ###.......   43%         3    ##.....
 Spectral Weapon          Hex/Chrm       ###.....     43%         3    ##.....


Dungeon Overview and Level Annotations

Branches:
Dungeon (4/15)
 Temple: D:4-7

Altars:
Cheibriados
Fedhas
Vehumet
Yredelemnul
The Shining One


Innate Abilities, Weirdness & Mutations

Your experience applies equally to all skills.
You have very sharp teeth.
Your uncanny sense of smell can sniff out nearby items.
You possess an exceptional clarity of mind.
You do not regenerate when monsters are visible.


Message History

You kill the giant cockroach!
Cheibriados thoroughly appreciates the change of pace.
The hound misses you.
It was a potion of mutation.
You feel extremely strange.
Your regeneration stops near monsters.
Your thoughts seem clearer.
You block the hound's attack. The flow of time bends around you.
The hound resists with some effort.
Cheibriados rebukes the ogre.
The ogre seems to slow down.
You feel slightly more hungry. The hound misses you.
The ogre closely misses you.
Casting: Infusion (safe; 7% risk of failure)
Confirm with . or Enter, or press ? or * to list all spells.
You begin infusing your attacks with magical energy.
The hound bites you.
* * * LOW HITPOINT WARNING * * *
You hit the ogre.
The ogre is moderately wounded.
The hound barely misses you.
The ogre hits you with a +0 giant spiked club!
You die...

#.......# #.#....[..
........###.........
#.......##......##.
###....†..........###
.#................## ∆
...##.........###..#
#.####.>.....# >..
#..# #......## #...
#.@###......# #....
#ZhO........##.....
#[.................#
#........##........###
........##.........#
..#.....###.........#
. ###...# #...#.....##
#...####.†).........
.....#....##....##..


You could see an ogre, a hound and a leopard gecko skeleton.

Vanquished Creatures
  An orc wizard (D:3)
  An orc priest (D:4)
  A centaur skeleton (D:4)
  3 gnolls (D:3)
  7 adders
  An ooze (D:1)
  A worm (D:2)
  4 dart slugs
  4 leopard geckos
  7 orcs
  7 bats
  3 giant cockroaches
  3 goblins
  8 hobgoblins
  2 jackals (D:3)
  2 quokkas
  A ball python (D:4)
  5 frilled lizards
  6 kobolds
  12 rats
79 creatures vanquished.

Notes
Turn   | Place    | Note
-------+----------+-------------------------------------------
     0 | D:1      | vishdafish the Gnoll Skald began the quest for the Orb.
     0 | D:1      | Reached XP level 1. HP: 20/20 MP: 6/6
   118 | D:1      | Reached XP level 2. HP: 22/26 MP: 7/7
   325 | D:1      | Learned a level 2 spell: Song of Slaying
   328 | D:1      | Learned a level 2 spell: Shroud of Golubria
   438 | D:1      | Reached XP level 3. HP: 20/31 MP: 9/9
   441 | D:1      | Reached skill level 5 in Spellcasting
   832 | D:2      | Found a snail-covered altar of Cheibriados.
   843 | D:2      | Reached skill level 1 in Invocations
   944 | D:2      | Reached skill level 1 in Short Blades
   944 | D:2      | Reached skill level 1 in Axes
   944 | D:2      | Reached skill level 1 in Maces & Flails
   944 | D:2      | Reached skill level 1 in Polearms
   944 | D:2      | Reached skill level 1 in Staves
   944 | D:2      | Reached skill level 1 in Slings
   944 | D:2      | Reached skill level 1 in Bows
   944 | D:2      | Reached skill level 1 in Crossbows
   944 | D:2      | Reached skill level 1 in Throwing
   944 | D:2      | Reached skill level 1 in Stealth
   944 | D:2      | Reached skill level 1 in Shields
   944 | D:2      | Reached skill level 1 in Unarmed Combat
   944 | D:2      | Reached skill level 1 in Evocations
   944 | D:2      | Reached XP level 4. HP: 22/38 MP: 11/11
   963 | D:2      | Became a worshipper of Cheibriados the Contemplative
  1740 | D:3      | Found a blossoming altar of Fedhas.
  1803 | D:3      | Reached skill level 1 in Conjurations
  1803 | D:3      | Reached skill level 1 in Hexes
  1803 | D:3      | Reached skill level 1 in Summonings
  1803 | D:3      | Reached skill level 1 in Necromancy
  1803 | D:3      | Reached skill level 1 in Translocations
  1803 | D:3      | Reached skill level 1 in Transmutations
  1803 | D:3      | Reached skill level 1 in Fire Magic
  1803 | D:3      | Reached skill level 1 in Ice Magic
  1803 | D:3      | Reached skill level 1 in Air Magic
  1803 | D:3      | Reached skill level 1 in Earth Magic
  1803 | D:3      | Reached skill level 1 in Poison Magic
  1937 | D:3      | Found a radiant altar of Vehumet.
  1970 | D:3      | Reached * piety under Cheibriados
  2001 | D:3      | Reached XP level 5. HP: 39/43 MP: 12/12
  2597 | D:3      | Found a glowing golden altar of the Shining One.
  2875 | D:3      | Reached ** piety under Cheibriados
  3313 | D:4      | Reached XP level 6. HP: 9/50 MP: 9/13
  3632 | D:4      | Found a basalt altar of Yredelemnul.
  3688 | D:4      | HP: 2/50 [hound (1)]
  3693 | D:4      | Gained mutation: You do not regenerate when monsters are
                  | visible. [potion of mutation]
  3693 | D:4      | Gained mutation: You possess an exceptional clarity of
                  | mind. [potion of mutation]
  3696 | D:4      | Slain by an ogre

Skill      XL: |  1  2  3  4  5 |
---------------+----------------+-----
Spellcasting   | 5 |  5.3
Invocations    | 1 2 |  2.0
Short Blades   | 1 |  1.8
Axes           | 1 |  1.8
Maces & Flails | 1 |  1.8
Polearms       | 1 |  1.8
Staves         | 1 |  1.8
Slings         | 1 |  1.8
Bows           | 1 |  1.8
Crossbows      | 1 |  1.8
Throwing       | 1 |  1.8
Stealth        | 1 |  1.8
Shields        | 1 |  1.8
Unarmed Combat | 1 |  1.8
Evocations     | 1 |  1.8
Conjurations   | 1 |  1.4
Hexes          | 1 |  1.4
Summonings     | 1 |  1.4
Necromancy     | 1 |  1.4
Translocations | 1 |  1.4
Transmutations | 1 |  1.4
Fire Magic     | 1 |  1.4
Ice Magic      | 1 |  1.4
Air Magic      | 1 |  1.4
Earth Magic    | 1 |  1.4
Poison Magic   | 1 |  1.4
Armour         | 3 |  3.1
Fighting       | |  4.9
Long Blades    | |  4.9
Dodging        | |  4.9
Charms         | |  5.6

Action                   |  1- 3 |  4- 6 || total
-------------------------+-------+-------++-------
Melee: Falchion          |    95 |   182 ||   277
       Bite              |     9 |    24 ||    33
 Cast: Infusion          |     1 |     3 ||     4
Invok: Bend Time         |       |     1 ||     1
  Use: Potion            |       |     4 ||     4
 Stab: Sleeping          |     1 |     3 ||     4
  Eat: Chunk             |       |     7 ||     7
Armor: Leather armour    |    24 |    32 ||    56
Dodge: Dodged            |    68 |   140 ||   208
Block: Shield            |       |    55 ||    55
       Rpst.: Falchion   |    23 |    37 ||    60
